AoeStats
← dashuaibi

Black Forest

506830848Analyzed
4v4 RM · 18d ago on Sep 15, 2026· 60m 45s· 8 players
Game mode
Random Map
Map size
Large (8 player)
Population
200
Speed
Normal
Resources
Standard
Victory
Conquest
Starting age
Dark Age
Ending age
Imperial Age
RankedLock teamsTeams togetherTeam positionsShared explorationLock speedFull tech treeHidden civsTurbo modeCheats
Victory
Defeat
🇦🇷 Lithuanians · Argentina
1350
+15
🇸🇪 Turks · Sweden
1329
+15
🇪🇸 Mongols · Spain
1314
+16
🇨🇳 Persians · China
1305
+16
🇧🇷 Armenians · Brazil
1371
-17
🇹🇼 Bohemians · Taiwan
1300
-15
🇨🇳 Mongols · China
1300
-15
🇭🇰 Lithuanians · Hong Kong SAR China
1293
-15
Spartanjaca
0:43 Loom
18:34 Feudal Age
23:31 Castle Age
21:36 Horse Collar
22:55 Stone Mining
23:50 Double-Bit Axe
25:33 Heavy Plow
28:02 Town Watch
29:22 Bow Saw
32:45 Gold Mining
33:31 Fletching
35:10 Gold Shaft Mining
35:15 Wheelbarrow
35:32 Stone Shaft Mining
38:43 Nomads
42:28 Imperial Age
40:56 Ballistics
40:36 Bodkin Arrow
41:53 Masonry
41:39 Murder Holes
41:55 Fortified Wall
41:49 Padded Archer Armor
42:30 Hand Cart
42:15 Town Patrol
42:34 Elite Mangudai
43:36 Conscription
44:32 Bracer
44:48 Leather Archer Armor
45:36 Chemistry
45:41 Pikeman
46:21 Squires
46:07 Arson
47:32 Forging
47:27 Scale Barding Armor
48:59 Bloodlines
48:49 Husbandry
49:06 Heavy Camel Rider
50:42 Iron Casting
50:27 Chain Barding Armor
56:37 Light Cavalry
58:26 Blast Furnace
58:11 Hussar
Stuve
0:29 Loom
14:20 Feudal Age
19:45 Wheelbarrow
20:19 Double-Bit Axe
20:15 Horse Collar
20:49 Double-Bit Axe
20:44 Horse Collar
27:23 Castle Age
25:32 Gold Mining
28:45 Bow Saw
31:57 Imperial Age
30:39 Fortified Wall
31:02 Heavy Plow
31:50 Masonry
33:39 Wheelbarrow
38:39 Murder Holes
40:28 Artillery
48:06 Caravan
55:41 Bombard Tower
55:59 Fletching
56:09 Padded Archer Armor
59:11 Sipahi
59:27 Bodkin Arrow
59:14 Treadmill Crane
60:04 Architecture
60:53 Bloodlines
60:43 Husbandry
60:51 Thumb Ring
谢por
10:36 Feudal Age
14:38 Castle Age
13:34 Double-Bit Axe
24:42 Horse Collar
26:28 Heavy Plow
27:09 Bow Saw
28:21 Wheelbarrow
28:07 Gold Mining
29:17 Hand Cart
32:59 Imperial Age
30:16 Loom
30:18 Town Watch
31:12 Scale Barding Armor
31:17 Forging
31:20 Bloodlines
31:10 Husbandry
31:20 Husbandry
32:40 Gold Shaft Mining
31:56 Stone Mining
33:09 Chain Barding Armor
33:24 Iron Casting
33:22 Ballistics
34:14 Chemistry
34:20 Hoardings
33:09 Elite War Elephant
35:15 Stone Shaft Mining
36:28 Blast Furnace
36:05 Plate Barding Armor
36:31 Blast Furnace
35:48 Devotion
37:00 Guilds
36:51 Caravan
38:31 Ballistics
38:39 Faith
39:20 Fletching
39:30 Padded Archer Armor
39:09 Capped Ram
40:46 Crop Rotation
41:22 Two-Man Saw
42:56 Coinage
47:07 Light Cavalry
48:26 Bodkin Arrow
48:47 Leather Archer Armor
49:07 Hussar
49:14 Hussar
51:53 Ring Archer Armor
小肥羊
6:42 Loom
11:56 Feudal Age
16:35 Castle Age
14:51 Double-Bit Axe
15:19 Horse Collar
21:10 Husbandry
23:18 Heavy Plow
25:22 Bow Saw
26:29 Wheelbarrow
26:23 Gold Mining
27:19 Stone Mining
31:56 Imperial Age
30:10 Hand Cart
30:25 Bloodlines
31:14 Scale Barding Armor
31:20 Forging
33:31 Guilds
32:43 Elite Leitis
33:46 Conscription
33:15 Onager
34:58 Chain Barding Armor
35:14 Iron Casting
36:30 Two-Man Saw
36:03 Crop Rotation
35:38 Caravan
38:43 Plate Barding Armor
38:56 Fletching
40:08 Chemistry
39:29 Ballistics
39:57 Bodkin Arrow
40:45 Coinage
41:21 Herbal Medicine
41:29 Bracer
42:24 Bombard Tower
42:16 Masonry
41:46 Treadmill Crane
52:36 Block Printing
52:34 Fervor
55:10 Redemption
58:56 Sanctity
dashuaibi
5:57 Loom
10:56 Feudal Age
15:27 Castle Age
13:20 Double-Bit Axe
13:33 Horse Collar
20:57 Wheelbarrow
20:30 Stone Mining
23:21 Bow Saw
29:18 Imperial Age
27:14 Gold Mining
27:33 Fletching
27:44 Padded Archer Armor
28:18 Ballistics
28:55 Gold Shaft Mining
28:51 Hand Cart
28:37 Bodkin Arrow
29:33 Thumb Ring
29:55 Leather Archer Armor
30:04 Town Watch
30:22 Bracer
30:28 Scale Barding Armor
30:42 Bloodlines
31:46 Conscription
32:21 Stone Shaft Mining
32:26 Chain Barding Armor
32:11 Husbandry
33:16 Chemistry
32:34 Elite Mangudai
34:04 Onager
35:11 Caravan
35:41 Coinage
36:57 Drill
36:38 Nomads
37:03 Siege Onager
38:03 Siege Engineers
38:09 Masonry
38:10 Fortified Wall
40:42 Hoardings
57:51 Light Cavalry
58:13 Capped Ram
59:58 Siege Ram
naYummuYan
0:44 Loom
11:47 Feudal Age
11:56 Man-at-Arms
12:23 Arson
12:51 Long Swordsman
16:17 Forging
17:14 Scale Mail Armor
17:37 Pikeman
20:29 Fletching
21:59 Horse Collar
28:50 Castle Age
27:14 Double-Bit Axe
29:50 Bow Saw
31:53 Two-Handed Swordsman
33:41 Halberdier
34:23 Squires
34:56 Gambesons
36:37 Chain Mail Armor
37:25 Wheelbarrow
36:42 Gold Mining
37:56 Iron Casting
38:59 Hand Cart
44:57 Imperial Age
47:24 Plate Mail Armor
48:04 Blast Furnace
49:04 Caravan
49:38 Stone Mining
58:24 Conscription
IAN伊恩
0:41 Loom
24:13 Feudal Age
29:53 Castle Age
28:00 Double-Bit Axe
28:54 Horse Collar
30:52 Bow Saw
35:04 Fortified Wall
40:14 Imperial Age
39:31 Chemistry
39:50 Wheelbarrow
40:44 Wheelbarrow
40:40 Masonry
42:48 Houfnice
46:08 Hand Cart
51:01 Ballistics
51:46 Elite Skirmisher
55:41 Heavy Plow
56:43 Two-Man Saw
56:31 Fletching
56:41 Padded Archer Armor
56:54 Siege Engineers
60:41 Leather Archer Armor
60:22 Bodkin Arrow
鲨丁鱼2
11:38 Feudal Age
15:34 Castle Age
16:06 Double-Bit Axe
16:02 Horse Collar
23:54 Bow Saw
24:28 Wheelbarrow
27:23 Hand Cart
28:01 Stone Mining
28:03 Gold Mining
28:30 Bloodlines
28:21 Husbandry
31:09 Imperial Age
30:43 Stone Shaft Mining
30:59 Scale Barding Armor
31:06 Heavy Plow
31:26 Forging
31:28 Elite Leitis
34:11 Chain Barding Armor
34:27 Iron Casting
36:48 Coinage
36:56 Plate Barding Armor
36:24 Devotion
36:07 Treadmill Crane
38:32 Banking
38:14 Guilds
38:41 Fletching
39:24 Crop Rotation
40:01 Two-Man Saw
38:58 Onager
40:34 Conscription
40:45 Caravan
54:35 Hoardings
Connection lost

Rejoining the realm…

Still unreachable

The connection could not be restored.

Session expired

The server has moved on; the page needs a fresh start.